BSA
MADISON BOMBERS @ AUSTIN RIVER SHARKS
07/27/2024
 
TOP OF THE 1ST
Madison Bombers batting - Pitching for Austin River Sharks : LHP Walter Bamber
Pitching: LHP Walter Bamber
Batting: LHB Keith Tillman 0-0: Ball
1-0: Fly out, F4 (Line Drive, 4)
Batting: RHB Bailey Ramsey 0-0: SINGLE (Line Drive, 56D)
Batting: LHB Dave Williams 0-0: Called Strike
0-1: Foul Ball, location: 2F
0-2: Ground out 4-3 (Groundball, 4S)
Bailey Ramsey to second
Batting: SHB Michael McDonald 0-0: Ball
1-0: Foul Ball, location: 2F
1-1: Foul Ball, location: 2F
1-2: Strikes out swinging
Top of the 1st over - 0 run(s), 1 hit(s), 0 error(s), 1 left on base; Madison 0 - Austin 0
BOTTOM OF THE 1ST
Austin River Sharks batting - Pitching for Madison Bombers : RHP Bartolo Romo
Pitching: RHP Bartolo Romo
Batting: LHB Miguel Pérez 0-0: Ball
1-0: Ball
2-0: Ground out U3 (Groundball, 3S)
Batting: SHB Juan Acevado 0-0: Ball
1-0: Fly out, F7 (Flyball, 7D)
Batting: LHB Roberto García 0-0: Ground out 6-3 (Groundball, 6)
Bottom of the 1st over - 0 run(s), 0 hit(s), 0 error(s), 0 left on base; Madison 0 - Austin 0
TOP OF THE 2ND
Madison Bombers batting - Pitching for Austin River Sharks : LHP Walter Bamber
Batting: RHB Sergio Márquez 0-0: Fly out, F8 (Flyball, 8RS)
Batting: LHB José Santos 0-0: Swinging Strike
0-1: Ball
1-1: Ground out U3 (Groundball, 3)
Pitching: RHP Armen Boyajian
Batting: RHB Vicente Aguirre 0-0: Called Strike
0-1: Fly out, F9 (Popup, 3D)
Top of the 2nd over - 0 run(s), 0 hit(s), 0 error(s), 0 left on base; Madison 0 - Austin 0
BOTTOM OF THE 2ND
Austin River Sharks batting - Pitching for Madison Bombers : RHP Bartolo Romo
Batting: LHB Pedro Zaragoza 0-0: Ball
1-0: SINGLE (Flyball, 8RS)
Batting: SHB Juan Castro 0-0: DOUBLE (Line Drive, 8LM)
Pedro Zaragoza to third
Batting: RHB Rich Ruffin 0-0: Swinging Strike
0-1: Called Strike
0-2: Ball
1-2: Ball
2-2: Ball
3-2: Strikes out looking
Pitching: RHP Jeong Pak
Batting: RHB Kenneth Roberts 0-0: Called Strike
0-1: Ball
1-1: Foul Ball, location: 2F
1-2: Foul Ball, location: 2F
1-2: Strikes out swinging
Batting: LHB Terry Maloney 0-0: Called Strike
0-1: Foul Ball, location: 2F
0-2: Ground out 4-3 (Groundball, 34)
Bottom of the 2nd over - 0 run(s), 2 hit(s), 0 error(s), 2 left on base; Madison 0 - Austin 0
TOP OF THE 3RD
Madison Bombers batting - Pitching for Austin River Sharks : RHP Armen Boyajian
Batting: LHB Avery Hopkins 0-0: Foul Ball, location: 2F
0-1: Fly out, F8 (Flyball, 8LD)
Batting: RHB Quinton Martínez 0-0: Ball
1-0: SINGLE (Groundball, 56D)
Batting: LHB Keith Tillman 0-0: Called Strike
0-1: SINGLE (Flyball, 8RS)
Quinton Martínez to second
Runner from 2nd tries for 3rd, SAFE, throw made to third
Batting: RHB Bailey Ramsey 0-0: Ball
Keith Tillman steals 2nd base
1-0: Foul Ball, location: 2F
1-1: Ball
2-1: Ball
3-1: Foul Ball, location: 2F
3-2: Foul Ball, location: 2F
3-2: Foul Ball, location: 2F
3-2: Fly out, F8 (Flyball, 8RM)
Runner from 3rd tags up, OUT at HOME
Top of the 3rd over - 0 run(s), 2 hit(s), 0 error(s), 1 left on base; Madison 0 - Austin 0
BOTTOM OF THE 3RD
Austin River Sharks batting - Pitching for Madison Bombers : RHP Jeong Pak
Batting: RHB José Balina 0-0: Bunted foul
0-1: Ball
1-1: Ball
2-1: Fly out, F1 (Line Drive, 13)
Batting: LHB Miguel Pérez 0-0: Ball
1-0: Ball
2-0: Fly out, F7 (Flyball, 78D)
Batting: SHB Juan Acevado 0-0: Ball
1-0: Ball
2-0: Ground out 6-3 (Groundball, 6)
Bottom of the 3rd over - 0 run(s), 0 hit(s), 0 error(s), 0 left on base; Madison 0 - Austin 0
TOP OF THE 4TH
Madison Bombers batting - Pitching for Austin River Sharks : RHP Armen Boyajian
Batting: LHB Dave Williams 0-0: Called Strike
0-1: Ball
1-1: Foul Ball, location: 2F
1-2: Ground out 4-3 (Groundball, 4M)
Batting: SHB Michael McDonald 0-0: Ball
1-0: DOUBLE (Line Drive, 9LS)
Batting: RHB Sergio Márquez 0-0: Ball
1-0: Ball
2-0: Ball
3-0: Fly out, F2 (Popup, 3SF)
Batting: LHB José Santos 0-0: Ball
1-0: Swinging Strike
1-1: SINGLE (Flyball, 78M)
Michael McDonald to third
Runner from 3rd tries for Home, SAFE, no throw or cutoff
Batting: RHB Vicente Aguirre 0-0: Ball
1-0: Fly out, F4 (Popup, 4MD)
Top of the 4th over - 1 run(s), 2 hit(s), 0 error(s), 1 left on base; Madison 1 - Austin 0
BOTTOM OF THE 4TH
Austin River Sharks batting - Pitching for Madison Bombers : RHP Jeong Pak
Batting: LHB Roberto García 0-0: Ball
1-0: Ball
2-0: Ball
3-0: Called Strike
3-1: Swinging Strike
3-2: Base on Balls
Batting: LHB Pedro Zaragoza Pickoff Throw to First - Out!
0-0: Ball
1-0: Ball
2-0: SOLO HOME RUN (Flyball, 9D), Distance : 391 ft
Batting: SHB Juan Castro 0-0: Ball
1-0: Ball
2-0: Foul Ball, location: 2F
2-1: Called Strike
2-2: Foul Ball, location: 2F
2-2: Foul Ball, location: 2F
2-2: Foul Ball, location: 2F
2-2: SINGLE (Line Drive, 6MD)
Batting: RHB Rich Ruffin 0-0: Swinging Strike
Passed Ball!
Juan Castro to second
0-1: Called Strike
0-2: Strikes out swinging
Batting: RHB Kenneth Roberts 0-0: Called Strike
0-1: Swinging Strike
0-2: Ball
1-2: Fly out, F7 (Flyball, 7LM)
Bottom of the 4th over - 1 run(s), 2 hit(s), 0 error(s), 1 left on base; Madison 1 - Austin 1
TOP OF THE 5TH
Madison Bombers batting - Pitching for Austin River Sharks : RHP Armen Boyajian
Batting: LHB Avery Hopkins 0-0: Ball
1-0: Ball
2-0: Called Strike
2-1: SINGLE (Line Drive, 3D)
Batting: RHB Quinton Martínez 0-0: Fly out, F8 (Flyball, 8RM)
Batting: LHB Keith Tillman 0-0: Called Strike
0-1: Ball
1-1: Foul Ball, location: 2F
1-2: Grounds out, U3 (Groundball, 3L)
Batting: RHB Bailey Ramsey 0-0: Ball
1-0: SINGLE (Groundball, 56D)
Avery Hopkins to third
Runner from 3rd tries for Home, SAFE, no throw or cutoff
Batting: LHB Dave Williams 0-0: Ball
1-0: SINGLE (Groundball, 34D)
Bailey Ramsey to second
Runner from 2nd tries for 3rd, SAFE, throw made to third
Batting: SHB Michael McDonald 0-0: Ball
1-0: Ball
2-0: Ground out 4-3 (Groundball, 4)
Top of the 5th over - 1 run(s), 3 hit(s), 0 error(s), 2 left on base; Madison 2 - Austin 1
BOTTOM OF THE 5TH
Austin River Sharks batting - Pitching for Madison Bombers : RHP Jeong Pak
Batting: LHB Terry Maloney 0-0: Ball
1-0: Ball
2-0: Ball
3-0: Called Strike
3-1: Called Strike
3-2: DOUBLE (Line Drive, 7LS)
Batting: RHB José Balina 0-0: Swinging Strike
0-1: Ground out 6-3 (Groundball, 6)
Terry Maloney to third
Batting: LHB Miguel Pérez 0-0: Ball
1-0: SINGLE (Line Drive, 78S)
Terry Maloney scores
Batting: SHB Juan Acevado 0-0: Called Strike
0-1: Foul Ball, location: 2F
0-2: Foul Ball, location: 2F
0-2: Strikes out swinging
Batting: LHB Roberto García 0-0: Called Strike
0-1: Called Strike
0-2: Ball
1-2: Ball
2-2: Ground out 3-1 (Groundball, 34)
Bottom of the 5th over - 1 run(s), 2 hit(s), 0 error(s), 1 left on base; Madison 2 - Austin 2
TOP OF THE 6TH
Madison Bombers batting - Pitching for Austin River Sharks : RHP Armen Boyajian
Batting: RHB Sergio Márquez 0-0: Ball
1-0: Foul Ball, location: 2F
1-1: Called Strike
1-2: Foul Ball, location: 2F
1-2: DOUBLE (Flyball, 78M)
Batting: LHB José Santos 0-0: Intentional Walk
Pitching: RHP Pedro Magana
Batting: RHB Vicente Aguirre 0-0: Called Strike
0-1: Ball
1-1: Ball
2-1: Foul Ball, location: 2F
2-2: Strikes out swinging
Batting: LHB Avery Hopkins 0-0: Called Strike
0-1: Swinging Strike
0-2: Strikes out swinging
Batting: RHB Quinton Martínez 0-0: Foul Ball, location: 2F
0-1: Ball
1-1: Ball
2-1: Foul Ball, location: 2F
2-2: Foul Ball, location: 2F
2-2: Ball
3-2: Base on Balls
Sergio Márquez to third
José Santos to second
Batting: LHB Keith Tillman 0-0: Called Strike
0-1: Ball
1-1: Fly out, F8 (Line Drive, 8RM)
Top of the 6th over - 0 run(s), 1 hit(s), 0 error(s), 3 left on base; Madison 2 - Austin 2
BOTTOM OF THE 6TH
Austin River Sharks batting - Pitching for Madison Bombers : RHP Jeong Pak
Batting: LHB Pedro Zaragoza 0-0: Swinging Strike
0-1: Ball
1-1: Called Strike
1-2: Ball
2-2: Foul Ball, location: 2F
2-2: Foul Ball, location: 2F
2-2: Foul Ball, location: 2F
2-2: Ball
3-2: DOUBLE (Flyball, 78XD)
Batting: SHB Juan Castro 0-0: Intentional Walk
Batting: RHB Rich Ruffin 0-0: Ball
1-0: Ball
2-0: Grounds into double play, 4-6-3 (Groundball, 34)
Pedro Zaragoza to third
Batting: RHB Kenneth Roberts 0-0: Ball
1-0: Called Strike
1-1: Ball
2-1: Swinging Strike
2-2: Ground out 1-3 (Groundball, 15S)
Bottom of the 6th over - 0 run(s), 1 hit(s), 0 error(s), 1 left on base; Madison 2 - Austin 2
TOP OF THE 7TH
Madison Bombers batting - Pitching for Austin River Sharks : RHP Pedro Magana
Batting: RHB Bailey Ramsey 0-0: Foul Ball, location: 2F
0-1: Ball
1-1: Ground out 6-3 (Groundball, 6)
Batting: LHB Dave Williams 0-0: Called Strike
0-1: Foul Ball, location: 2F
0-2: Ball
1-2: Strikes out swinging
Batting: SHB Michael McDonald 0-0: Ground out 6-3 (Groundball, 6)
Top of the 7th over - 0 run(s), 0 hit(s), 0 error(s), 0 left on base; Madison 2 - Austin 2
BOTTOM OF THE 7TH
Austin River Sharks batting - Pitching for Madison Bombers : RHP Jeong Pak
Pitching: LHP Tim Wilson
Batting: LHB Terry Maloney 0-0: Called Strike
0-1: Ball
1-1: Foul Ball, location: 2F
1-2: Foul Ball, location: 2F
1-2: Foul Ball, location: 2F
1-2: Ball
2-2: Ball
3-2: Fly out, F9 (Flyball, 9M)
Batting: RHB José Balina 0-0: DOUBLE (Flyball, 89D)
Pitching: RHP Manny Canseco
Batting: LHB Miguel Pérez 0-0: Ball
1-0: Foul Ball, location: 2F
1-1: Foul Ball, location: 2F
1-2: SINGLE (Line Drive, 8LS)
José Balina to third
Runner from 3rd tries for Home, SAFE, no throw or cutoff
Batting: SHB Juan Acevado 0-0: Called Strike
0-1: Called Strike
0-2: Fly out, F5 (Popup, 56)
Batting: LHB Roberto García 0-0: Ball
1-0: Called Strike
1-1: Foul Ball, location: 2F
1-2: Ball
2-2: Foul Ball, location: 2F
2-2: Ground out 4-3 (Groundball, 34)
Bottom of the 7th over - 1 run(s), 2 hit(s), 0 error(s), 1 left on base; Madison 2 - Austin 3
TOP OF THE 8TH
Madison Bombers batting - Pitching for Austin River Sharks : RHP Pedro Magana
Pitching: RHP Daniel Morris
Batting: RHB Sergio Márquez 0-0: Foul Ball, location: 2F
0-1: Fly out, F9 (Line Drive, 9D)
Pitching: RHP Soichiro Ikeda
Batting: LHB José Santos 0-0: Called Strike
0-1: Ground out U3 (Groundball, 3S)
Batting: RHB Vicente Aguirre 0-0: Ball
1-0: Foul Ball, location: 2F
1-1: Ball
2-1: Swinging Strike
2-2: Ground out 1-3 (Groundball, 34S)
Top of the 8th over - 0 run(s), 0 hit(s), 0 error(s), 0 left on base; Madison 2 - Austin 3
BOTTOM OF THE 8TH
Austin River Sharks batting - Pitching for Madison Bombers : RHP Manny Canseco
Batting: LHB Pedro Zaragoza 0-0: Called Strike
0-1: Ball
1-1: Ball
2-1: Foul Ball, location: 2F
2-2: Ground out 4-3 (Groundball, 4)
Batting: SHB Juan Castro 0-0: Fly out, F2 (Popup, 2LF)
Batting: RHB Rich Ruffin 0-0: Called Strike
0-1: Called Strike
0-2: Ball
1-2: Fly out, F8 (Flyball, 8LS)
Bottom of the 8th over - 0 run(s), 0 hit(s), 0 error(s), 0 left on base; Madison 2 - Austin 3
TOP OF THE 9TH
Madison Bombers batting - Pitching for Austin River Sharks : RHP Soichiro Ikeda
Pitching: LHP Miguel Martínez
Batting: LHB Avery Hopkins 0-0: Ball
1-0: Called Strike
1-1: Called Strike
1-2: Strikes out swinging
Pinch Hitting: LHB Sixto Cantú 0-0: Ball
1-0: Ball
2-0: Swinging Strike
2-1: Ball
3-1: Base on Balls
Pinch Hitting: SHB Derek Roach 0-0: Foul Ball, location: 2F
0-1: Ball
1-1: Ball
2-1: Swinging Strike
2-2: Foul Ball, location: 2F
2-2: Fly out, F8 (Flyball, 8RD)
Batting: RHB Bailey Ramsey 0-0: Ball
1-0: Foul Ball, location: 2F
1-1: Ground out 6-3 (Groundball, 6)
Top of the 9th over - 0 run(s), 0 hit(s), 0 error(s), 1 left on base; Madison 2 - Austin 3
This league is powered by Out of the Park Baseball, the baseball management simulation game for PC, Mac and Linux
Saturday, April 9th, 2016 - OOTP Baseball 16.8 Build 38